 Dungeon Crawl Stone Soup version 0.23-a0-402-g64599a1 (webtiles) character file.

102 MisterFreud the Ruffian (level 4, 0/38 HPs)
             Began as a Ghoul Monk on Nov 4, 2018.
             Slain by Sigmund
             ... wielding a +0 scythe
              (1 damage)
             ... on level 2 of the Dungeon.
             The game lasted 00:04:00 (1699 turns).

MisterFreud the Ruffian (Ghoul Monk)                Turns: 1699, Time: 00:04:01

Health: 0/38       AC:  2    Str: 15    XL:     4   Next: 78%
Magic:  3/3        EV: 12    Int:  5    God:
Gold:   20         SH:  0    Dex: 11    Spells: 3/3 levels left

rFire    . . .     SeeInvis .     - Unarmed
rCold    + . .     Gourm    .   (no shield)
rNeg     + + +     Faith    .   a - +0 robe
rPois    ∞         Spirit   .   (no helmet)
rElec    .         Reflect  .   (no cloak)
rCorr    .         Harm     .   (no gloves)
MR       .....                  (no boots)
Stlth    ++........             (no amulet)
HPRegen  0.00/turn              (no ring)
MPRegen  0.08/turn              (no ring)

@: flying, rotting
A: rotting body, claws 1, carnivore, cold resistance 1, negative energy
resistance 3, inhibited regeneration, torment resistance, unbreathing
a: no special abilities


You were on level 2 of the Dungeon.
You were not hungry.

You visited 1 branch of the dungeon, and saw 2 of its levels.

You collected 20 gold pieces.

Inventory:

Armour
 a - a +0 robe (worn)
Scrolls
 c - a scroll of remove curse {unknown}
 d - a scroll of immolation {unknown}
 e - a scroll of teleportation {unknown}
 f - a scroll of enchant armour {unknown}
 g - a scroll of identify {unknown}
Comestibles
 b - 3 rations


   Skills:
 - Level 3.2 Fighting
 - Level 2.6 Dodging
 - Level 2.1 Stealth
 + Level 5.9 Unarmed Combat


You had 3 spell levels left.
You didn't know any spells.
Your spell library was empty.

Dungeon Overview and Level Annotations

Branches:
Dungeon (2/15)

Altars:
Cheibriados

Annotations:
D:2 Sigmund


Innate Abilities, Weirdness & Mutations

Your body is rotting away.
You thrive on raw meat.
You are immune to poison.
You have sharp fingernails.
You are carnivorous and can eat meat at any time.
Your flesh is cold resistant. (rC+)
You are immune to negative energy. (rN+++)
You do not regenerate when monsters are visible.
You are immune to unholy pain and torment.
You can survive without breathing.


Message History

You closely miss something.
The hobgoblin hits you but does no damage.
You barely miss something. Something hits you but does no damage.
The hobgoblin hits you with a +0 club.
You miss something. You scratch something.
The hobgoblin hits you with a +0 club.
You hear some strange, mumbled words.
A magic dart appears from out of thin air!
The magic dart hits you!
* * * LOW HITPOINT WARNING * * *
You claw something! The hobgoblin hits you with a +0 club.
* * * LOW HITPOINT WARNING * * *
You hear some strange, mumbled words.
A magic dart appears from out of thin air!
The magic dart hits you!
* * * LOW HITPOINT WARNING * * *
It was a potion of flight.
You feel very buoyant.
You fly up into the air.
The hobgoblin barely misses you. Something hits you.
You die...

.##......# #.####
......... ###.####
#.....# #....... #
#.#.#(# #.#.####
#.###.#.#(# #)#.## #
#.........###....###
.?...#........#..##
##########.....#..#....##
.......g@{........####.##
##############.#.## #.##
#.#.# #.# #.#.# #.##
#.#.# #... #.#.# ####
#.#.# ..


You could see a hobgoblin.

Vanquished Creatures
  4 adders (D:2)
  3 oozes
  3 dart slugs
  A giant cockroach (D:2)
  5 goblins
  9 hobgoblins
  2 jackals (D:2)
  9 bats
  4 frilled lizards
  5 kobolds
  6 rats
51 creatures vanquished.

Notes
Turn   | Place    | Note
-------+----------+-------------------------------------------
     0 | D:1      | MisterFreud the Ghoul Monk began the quest for the Orb.
     0 | D:1      | Reached XP level 1. HP: 19/19 MP: 0/0
    93 | D:1      | Reached XP level 2. HP: 21/26 MP: 1/1
    99 | D:1      | Reached skill level 4 in Unarmed Combat
   329 | D:1      | Reached XP level 3. HP: 25/31 MP: 2/2
   718 | D:2      | HP: 1/31 [jackal (1)]
  1073 | D:2      | Reached skill level 5 in Unarmed Combat
  1181 | D:2      | Found a snail-covered altar of Cheibriados.
  1188 | D:2      | Reached XP level 4. HP: 21/38 MP: 3/3
  1461 | D:2      | Noticed Sigmund
  1698 | D:2      | HP: 1/38 [something/magic dart (7)]
  1699 | D:2      | Slain by Sigmund

Vault maps used:
D:1:      eino_arrival_water_star, serial_rivers,
          chequers_serial_rivers_micro_a, chequers_serial_rivers_micro_d,
          chequers_serial_rivers_marsh, chequers_serial_rivers_marsh,
          chequers_serial_rivers_small_a, chequers_serial_rivers_small_3,
          nrook_campfire
D:2:      kennysheep_slug_shrine, uniq_sigmund

Skill      XL: |  1  2  3 |
---------------+----------+-----
Unarmed Combat | 4 5 |  5.9
Fighting       | |  3.2
Dodging        | |  2.6
Stealth        | |  2.1

Action                   |  1- 3 |  4- 6 || total
-------------------------+-------+-------++-------
Melee: Unarmed           |   106 |    71 ||   177
       Punch             |     1 |     1 ||     2
  Use: Potion            |     1 |     1 ||     2
 Stab: Sleeping          |     4 |     1 ||     5
  Eat: Chunk             |    13 |     6 ||    19
Armor: Robe              |    15 |    10 ||    25
Dodge: Dodged            |    74 |    50 ||   124

Table legend:
 A = Non-vault XP
 B = Vault XP
 C = Vault XP percentage of total XP
 D = Non-vault monster count
 E = Vault monster count
 F = Vault count percentage of total count
                 A         B        C        D         E       F
            +---------+---------+-------+---------+---------+-------
      Total |     143 |       4 |   2.7 |      50 |       1 |   2.0
            +---------+---------+-------+---------+---------+-------
        D:1 |      42 |       0 |   0.0 |      23 |       0 |   0.0
        D:2 |     101 |       4 |   3.8 |      27 |       1 |   3.6
            +---------+---------+-------+---------+---------+-------
